 Dungeon Crawl Stone Soup version 0.32-a0-876-gcfddb08e57 (webtiles) character file.

Game seed: 7024113078036308935

4455 ezpacito the Trooper (level 10, -4/100 (103) HPs)
             Began as a Coglin Chaos Knight on Apr 1, 2024.
             Was a Plaything of Xom.
             Slain by a troll (11 damage)
             ... on level 7 of the Dungeon.
             The game lasted 00:10:16 (7069 turns).

ezpacito the Trooper (Coglin Chaos Knight)          Turns: 7069, Time: 00:10:17

HP:   -4/100 (103)  AC: 14    Str: 15 (17) XL:     10   Next: 37%
MP:   15/15         EV: 10    Int: 14 (15) God:    Xom [..*...]
Gold: 100           SH:  0    Dex: 12 (13) Spells: 16/16 levels left

rFire   . . .        a - +0 hand axe (chaos) {Liesl}
rCold   . . .        x - +2 trident (flame) {Chiraphon}
rNeg    . . .        w - +2 scale mail {Will+}
rPois   .            h - +1 helmet {Int+3}
rElec   .            (no cloak)
rCorr   .            p - +0 pair of gloves
SInv    .            c - +0 pair of boots
Will    +....        (amulet unavailable) Stlth
                     (ring unavailable)
HPRegen 0.36/turn    (ring unavailable)
MPRegen 0.14/turn    (no gizmo)

%: no passive effects
@: berserking (expiring), lightly drained, revved, very quick
A: off-hand wielding, slow wielding, warmup strikes, no jewellery, frail 1,
noise suppression, persistent drain
a: Invent Gizmo, Renounce Religion


You were on level 7 of the Dungeon.
You worshipped Xom.
You were a toy of Xom.
You visited 2 branches of the dungeon, and saw 8 of its levels.
You also visited: Ossuary.

You collected 559 gold pieces.
You spent 459 gold pieces at shops.

Inventory:

Hand Weapons
 a - a +0 hand axe of chaos (weapon) {Liesl}
 q - a +0 battleaxe of flaming
 r - a +0 heavy war axe
 x - a +2 trident of flaming (offhand) {Chiraphon}
Missiles
 e - 6 curare-tipped darts
 j - 4 poisoned darts (quivered)
 y - 3 boomerangs
Armour
 c - a +0 pair of boots (worn)
 h - a +1 helmet of intelligence (worn)
 p - a +0 pair of gloves (worn)
 w - a +2 scale mail of willpower (worn)
 E - a scarf of harm
Talismans
 B - a beast talisman
Wands
 f - a wand of paralysis (11)
 n - a wand of roots (7)
 u - a wand of flame (37)
 F - a wand of polymorph (8)
Scrolls
 b - 2 scrolls of noise {unknown}
 d - 2 scrolls of enchant armour {unknown}
 g - 2 scrolls of amnesia {unknown}
 i - 4 scrolls of revelation
 k - 3 scrolls of fear {unknown}
 l - a scroll of fog {unknown}
 m - 2 scrolls of silence {unknown}
 o - 2 scrolls of brand weapon {unknown}
 s - 3 scrolls of immolation
 t - 3 scrolls of teleportation
 v - a scroll of acquirement {unknown}
 D - a scroll of blinking {unknown}
 I - a scroll of enchant weapon {unknown}
Potions
 A - a potion of enlightenment


   Skills:
 * Level 6.8 Fighting
 * Level 6.8(7.4) Axes
 + Level 4.0(5.7) Polearms
 * Level 5.8 Armour
 * Level 5.5 Dodging
 + Level 3.7 Stealth
 + Level 3.5 Spellcasting
 + Level 3.5 Evocations


You had 16 spell levels left.
You didn't know any spells.
Your spell library contained the following spells:

 Spells                   Type           Power      Damage    Failure   Level
 Magic Dart               Conj           8%         1d3       56%         1
 Blink                    Tloc           4%         N/A       71%         2
 Jinxbite                 Hex            4%         N/A       71%         2
 Lesser Beckoning         Tloc           4%         N/A       71%         2
 Momentum Strike          Conj/Tloc      4%         3d8       71%         2
 Searing Ray              Conj           4%         2d4       71%         2
 Static Discharge         Conj/Air       4%         3-4/arc   71%         2
 Airstrike                Air            1%         2d(1-17)  100%        4
 Fulminant Prism          Conj/Alch      1%         3d5       100%        4
 Summon Lightning Spire   Summ/Air       2%         N/A       100%        4


Dungeon Overview and Level Annotations

Branches:
Dungeon (7/15)             Temple (1/1) D:4         Ossuary (visited)

Altars:
Ashenzari
Cheibriados
Dithmenos
Fedhas
Gozag
Kikubaaqudgha
Makhleb
Nemelex Xobeh
Okawaru
Ru
Sif Muna
Trog
Uskayaw
Vehumet
Xom
The Shining One

Shops:
D:4 *=


Innate Abilities, Weirdness & Mutations

You can wield a second weapon in your off-hand.
It takes a long time for you to wield or remove held weapons.
Your first few attacks do less damage.
You cannot equip rings or amulets.
You are frail. (-10% HP)
You passively dampen the noise of your surroundings.
Your health recovers twice as slowly from being drained.


Message History

You slash the komodo dragon with your +0 hand axe of chaos!
The komodo dragon bites you!
* * * LOW HITPOINT WARNING * * *
You take 7 damage, and have 5/93 hp.
You barely miss the komodo dragon with your +2 trident of flaming.
The komodo dragon is moderately wounded.
You slash the komodo dragon with your +0 hand axe of chaos!
The acid corrodes the komodo dragon!
You barely miss the komodo dragon with your +0 hand axe of chaos.
The komodo dragon is heavily wounded.
You hit the komodo dragon with your +2 trident of flaming.
You burn the komodo dragon. The komodo dragon closely misses you.
You puncture the komodo dragon with your +2 trident of flaming!
You burn the komodo dragon.
You kill the komodo dragon!
The cyclops hits you but does no damage.
You barely miss the cyclops with your +2 trident of flaming.
You slash the cyclops with your +0 hand axe of chaos!
The cyclops is poisoned.
You hit the cyclops with your +0 hand axe of chaos.
You burn the cyclops.
The cyclops is moderately wounded.
You hit the cyclops with your +2 trident of flaming.
You burn the cyclops. The cyclops closely misses you.
You puncture the cyclops with your +2 trident of flaming!
You burn the cyclops.
The cyclops is almost dead.
You hit the cyclops with your +0 hand axe of chaos.
The cyclops looks as sick as possible!
The boulder beetle leaps!
You hit the cyclops with your +0 hand axe of chaos.
The cyclops is moving more slowly.
The cyclops is almost dead.
You catch the helpless cyclops completely off-guard!
You hit the cyclops with your +2 trident of flaming.
You kill the cyclops!
You feel your intelligence returning.
Your base Polearms skill increases to level 4!
The troll bites you!
You die...
Xom chortles!

#####..###.#####..#.#.#.###...###
.......# #.......###.#..####.###.
.......###.####..#.##.##.# #.###.
.###......## ##.###.#.#..# #.##..
.##.....### #..#..#.#.#.###.##..
.###...## #.##.#.#..#..##.#..#
...#..## ##.#.#.#######.#.#.##
##.#..# #..#.##..#...#..##.#
.)))..# ##.##@##...#.#...#..#
##.##+## #..##T###.#...#.##..#
##)#...## ##.###D###..#.#..#...#
##......###..###"#####...###...#
.........##.###..=###.#.#.#...##
#.....รท.....###.#[####...##....##
+.[........###:. [B####.##.......
#<.........#..)) }... #.##.....##
##.......#.# #.#..##.##


You could see a boulder beetle, a troll and an acid dragon.

Vanquished Creatures
  A cyclops (D:7)
  A kobold demonologist (D:6)
  A komodo dragon (D:7)
  A yak (D:7)
  2 steam dragons
  A vampire mosquito (D:6)
  An acid dragon (D:6)
  Edmund (D:5)
  A water moccasin (D:7)
  A sky beast (D:6)
  A black bear (D:4)
  An ice beast (D:6)
  2 phantoms
  3 bullfrogs
  A gnoll sergeant (D:7)
  4 scorpions (D:5)
  2 burial acolytes (Ossuary)
  13 wights
  4 killer bees (D:7)
  A howler monkey (D:4)
  2 orc priests
  5 hounds
  2 jellies
  6 iguanas
  Jessica (D:2)
  2 orc wizards
  A sleepcap (D:6)
  5 gnolls
  8 adders
  A shadow imp (D:7)
  A white imp (D:5)
  An adder skeleton (Ossuary)
  9 orcs
  7 bats
  5 endoplasms
  5 giant cockroaches
  12 goblins
  6 hobgoblins
  8 jackals
  10 kobolds
  2 quokkas
  5 ball pythons
  A ball python skeleton (Ossuary)
  A hobgoblin skeleton (Ossuary)
  3 kobold skeletons (Ossuary)
  2 orc skeletons (Ossuary)
  8 rats
162 creatures vanquished.

Vanquished Creatures (collateral kills)
  2 killer bees (D:7)
  A gnoll (D:7)
  A hobgoblin (D:2)
4 creatures vanquished.

Grand Total: 166 creatures vanquished

Notes
Turn   | Place    | Note
-------+----------+-------------------------------------------
     0 | D:1      | ezpacito the Coglin Chaos Knight began the quest for the
                  | Orb.
     0 | D:1      | Reached XP level 1. HP: 18/18 MP: 1/1
    21 | D:1      | Reached skill level 1 in Dodging
    47 | D:1      | Reached XP level 2. HP: 24/24 MP: 2/2
   142 | D:1      | Reached XP level 3. HP: 25/29 MP: 3/3
   599 | D:1      | XOM: scenery: create altars
   834 | D:2      | Noticed Jessica
   841 | D:2      | Killed Jessica
   842 | D:2      | Reached skill level 1 in Spellcasting
   842 | D:2      | Reached XP level 4. HP: 23/35 MP: 5/5
   846 | D:2      | Got Jessica's Meditations on Bad Luck
  1027 | D:2      | XOM: chaos upgrade
  1121 | D:2      | XOM: silly message
  1185 | D:2      | XOM is BORED!
  1330 | D:2      | XOM: give mutations
  1330 | D:2      | Gained mutation: Your spells are a little easier to cast,
                  | but a little less powerful. [Xom's mischief]
  1330 | D:2      | Gained mutation: You are dopey. (Int -2) [Xom's mischief]
  1330 | D:2      | Lost mutation: You are dopey. (Int -2) [Xom's mischief]
  1330 | D:2      | Gained mutation: You are frail. (-10% HP) [Xom's mischief]
  1465 | D:2      | Reached skill level 1 in Polearms
  1468 | D:2      | Reached XP level 5. HP: 35/36 MP: 6/6
  1506 | D:2      | XOM: god gift: 33 gold pieces
  1865 | D:3      | XOM: scenery: summon butterflies
  1954 | D:3      | XOM: cloud trail
  2108 | D:3      | XOM: god gift: smoky golden potion {god gift}
  2200 | D:4      | Reached skill level 1 in Stealth
  2243 | D:4      | Noticed a black bear
  2252 | D:4      | Killed a black bear
  2253 | D:4      | Reached XP level 6. HP: 30/43 MP: 6/8
  2332 | D:4      | XOM: summons 2 friendly demons
  2430 | D:4      | Found Tamemm's General Store.
  2438 | D:4      | Bought 2 potions of invisibility for 224 gold pieces
  2452 | D:4      | Found an opulent altar of Gozag.
  2468 | D:4      | Reached XP level 7. HP: 48/48 MP: 9/9
  2524 | D:4      | Found a staircase to the Ecumenical Temple.
  2541 | Temple   | Entered the Ecumenical Temple
  2556 | D:4      | Found an opulent altar of Gozag.
  2558 | D:4      | Found an opulent altar of Gozag.
  2568 | D:4      | Found an opulent altar of Gozag.
  2662 | D:4      | Found Cifeod's Jewellery Shoppe.
  2877 | D:4      | XOM: silly message
  2983 | D:4      | XOM: cloud trail
  3024 | D:4      | XOM: god gift: murky purple potion {god gift}
  3079 | D:5      | Entered Level 5 of the Dungeon
  3082 | D:5      | Noticed Edmund
  3083 | D:5      | XOM: fog
  3098 | D:5      | Killed Edmund
  3154 | D:5      | XOM: god gift: pair of boots {god gift}
  3346 | D:5      | XOM: fog
  3397 | D:5      | Reached XP level 8. HP: 53/54 MP: 11/11
  3609 | D:5      | XOM: divination: detect items
  3695 | D:5      | XOM: 1-stop teleportation journey
  3719 | D:5      | XOM: cloud trail
  4374 | D:6      | Found a sand-covered staircase.
  4386 | D:6      | Reached skill level 5 in Fighting
  4386 | D:6      | Reached skill level 5 in Axes
  4419 | Ossuary  | Entered an ossuary
  4682 | Ossuary  | XOM: god gift: beast talisman
  4692 | Ossuary  | XOM: cast spell 'Fugue of the Fallen'
  4882 | D:6      | Reached XP level 9. HP: 59/61 MP: 12/12
  4918 | D:6      | Found an ancient bone altar of Kikubaaqudgha.
  5024 | D:6      | XOM: god gift: 5 stones
  5145 | D:6      | Reached skill level 1 in Evocations
  5218 | D:6      | Noticed a kobold demonologist
  5221 | D:6      | XOM: cast spell 'Fugue of the Fallen'
  5222 | D:6      | Noticed a smoke demon
  5222 | D:6      | XOM: enchant monster (good)
  5227 | D:6      | XOM: scenery: create altars
  5228 | D:6      | XOM: repel stairs
  5229 | D:6      | Noticed an orange demon
  5242 | D:6      | XOM: enchant monster (good)
  5278 | D:6      | Noticed an ice devil
  5278 | D:6      | Killed a kobold demonologist
  5295 | D:6      | Reached skill level 5 in Armour
  5563 | D:6      | XOM: give mutations
  5563 | D:6      | Gained mutation: You passively dampen the noise of your
                  | surroundings. [Xom's mischief]
  5563 | D:6      | Lost mutation: Your spells are a little easier to cast, but
                  | a little less powerful. [Xom's mischief]
  5563 | D:6      | Gained mutation: Your health recovers twice as slowly from
                  | being drained. [Xom's mischief]
  5730 | D:4      | Bought a wand of roots (7) for 235 gold pieces
  5746 | D:5      | XOM: noise
  5767 | D:7      | XOM: stealth player
  5774 | D:7      | XOM: enchant monster (good)
  5862 | D:7      | XOM: swap monsters
  6006 | D:7      | XOM: cast spell 'Summon Mana Viper'
  6009 | D:7      | Reached skill level 5 in Dodging
  6036 | D:7      | XOM: enchant monster (good)
  6171 | D:7      | Reached XP level 10. HP: 65/67 MP: 14/14
  6261 | D:7      | XOM: enchant monster (bad)
  7044 | D:7      | Noticed a cyclops
  7045 | D:7      | Noticed a boulder beetle
  7068 | D:7      | Killed a cyclops
  7069 | D:7      | Slain by a troll

Illustrated notes

Levels and vault maps discovered:
D:1:      dpeg_arrival_rooms_a, layout_loops_cross, minmay_pentomino_p4
D:2:      layout_loops_ring, kennysheep_jessica_study
D:3:      layout_basic, chequers_decorated_corner, dreamdust_princess_bridge
D:4:      layout_basic, nicolae_gozag_conspicuous_consumption,
          minmay_temple_entry_proselytizer, serial_shops, nicolae_shop_crystal,
          nicolae_inconvenience_store
D:5:      layout_basic, serial_library_hellmonk_secret_room,
          grunt_decor_resistance, serial_bayou_pond_e, uniq_edmund
D:6:      minmay_cornered_nines, layout_loops_ring,
          mainiacjoe_overflow_six_doors_small, enter_ossuary_3
D:7:      minmay_the_grid_triangle_9x9_rhombus_thin
          [minmay_the_grid_triangle_9x9_zippers_vertical,
          minmay_the_grid_triangle_9x9_prize_insulated,
          minmay_the_grid_triangle_9x9_sprig,
          minmay_the_grid_triangle_9x9_corruption], layout_loops_corners
Temple:   eino_temple_water

Skill      XL: |  1  2  3  4  5  6  7  8  9 10 |
---------------+-------------------------------+-----
Dodging        | 1 2 3 4 5 |  5.5
Armour         | 2 3 4 5 |  5.8
Spellcasting   | 1 2 3 |  3.5
Polearms       | 1 2 3 4 |  4.0
Stealth        | 1 2 3 |  3.7
Fighting       | 4 5 6 |  6.8
Axes           | 4 5 6 |  6.8
Evocations     | 2 3 |  3.5

Action                     |  1- 3 |  4- 6 |  7- 9 | 10-12 || total
---------------------------+-------+-------+-------+-------++-------
  Melee: Hand axe          |    68 |   102 |   222 |    57 ||   449
         Dagger            |    58 |    24 |       |       ||    82
         Club              |       |    71 |    79 |       ||   150
         Trident           |       |       |   162 |    66 ||   228
    Use: Potion            |       |       |    13 |     5 ||    18
         Scroll            |       |       |     7 |       ||     7
   Stab: Distracted        |     2 |       |     1 |       ||     3
         Sleeping          |       |     2 |       |       ||     2
         Confused          |       |       |     3 |     1 ||     4
         Petrifying        |       |       |     6 |     1 ||     7
         Paralysed         |       |       |     7 |       ||     7
         Invisible         |       |       |     2 |       ||     2
         Petrified         |       |       |     2 |       ||     2
 Armour: Leather armour    |    47 |    51 |       |       ||    98
         Chain mail        |       |    48 |     7 |       ||    55
         Scale mail        |       |       |   198 |    45 ||   243
         Skin              |       |       |    22 |       ||    22
  Dodge: Dodged            |    36 |    66 |   140 |    27 ||   269

Table legend: (Time is in decaauts)
 A = Elapsed time spent in this place.
 B = Non-inter-level travel time spent in this place.
 C = Inter-level travel time spent in this place.
 D = Time resting spent in this place.
 E = Time spent auto-exploring this place.
 F = Levels seen in this place.
 G = Mean time per level.
                   A        B        C        D        E       F      G
               +--------+--------+--------+--------+--------+-----+--------+
         Total |   7104 |   6694 |    410 |    360 |   5068 |   9 |  789.3 |
       Dungeon |   6657 |   6248 |    409 |    272 |   4864 |   7 |  951.0 |
        Temple |      1 |      1 |      0 |      0 |      0 |   1 |    1.0 |
       Ossuary |    444 |    444 |      0 |     88 |    204 |   1 |  444.0 |
               +--------+--------+--------+--------+--------+-----+--------+

Top non-repeatable levels by time:
     D:5: 1227 daAuts
     D:7: 1216 daAuts
     D:6: 1089 daAuts
     D:4: 944 daAuts
     D:2: 904 daAuts
     D:1: 718 daAuts
     D:3: 557 daAuts
 Ossuary: 444 daAuts
  Temple: 1 daAuts
